 Dungeon Crawl Stone Soup version 0.27-a0-720-g3f424a255b (webtiles) character file.

Game seed: 1232718489741277736

131 Ijustatesigmund the Skirmisher (level 4, -1/37 HPs)
             Began as a Demonspawn Fighter on Mar 22, 2021.
             Killed from afar by a white imp (7 damage)
             ... with a puff of frost
             ... summoned by Natasha
             ... on level 3 of the Dungeon on Mar 23, 2021.
             The game lasted 00:05:09 (2646 turns).

Ijustatesigmund the Skirmisher (Demonspawn Fighter) Turns: 2646, Time: 00:05:10

Health: -1/37      AC:  6    Str: 16    XL:     4   Next: 91%
Magic:  4/4        EV:  7    Int: 10    God:
Gold:   565        SH: 12    Dex: 13    Spells: 2/3 levels left

rFire    . . .     SeeInvis .   a - +0 war axe
rCold    . . .     Faith    .   c - +0 kite shield
rNeg     + . .     Spirit   .   b - +0 scale mail
rPois    .         Reflect  .   (no helmet)
rElec    .         Harm     .   (no cloak)
rCorr    .         Rampage  .   (no gloves)
Will     .....                  (no boots)
Stlth    ..........             (no amulet)
HPRegen  0.12/turn              g - ring of positive energy
MPRegen  0.09/turn              (no ring)

@: mighty, slowed, very slow
A: large bone plates 1, demonic magic 1
a: no special abilities


You were on level 3 of the Dungeon.
You visited 1 branch of the dungeon, and saw 3 of its levels.

You collected 565 gold pieces.

Inventory:

Hand Weapons
 a - a +0 war axe (weapon)
Armour
 b - a +0 scale mail (worn)
 c - a +0 kite shield (worn)
Jewellery
 g - a ring of positive energy (right hand)
Potions
 d - a potion of might
 e - a potion of resistance {unknown}


   Skills:
 + Level 3.8 Fighting
 * Level 3.3 Axes
 - Level 2.6 Armour
 + Level 1.7 Dodging
 - Level 2.6 Shields
 + Level 1.3 Necromancy


You had 2 spell levels left.
You knew the following spells:

 Your Spells              Type           Power      Damage    Failure   Level
a - Animate Skeleton      Necr           4%         N/A       98%         1

Your spell library contained the following spells:

 Spells                   Type           Power      Damage    Failure   Level
 Apportation              Tloc           0%         N/A       100%        1
 Corona                   Hex            0%         N/A       100%        1
 Summon Small Mammal      Summ           0%         N/A       100%        1


Dungeon Overview and Level Annotations

Branches:
Dungeon (3/15)

Altars:

Annotations:
D:3 Natasha


Innate Abilities, Weirdness & Mutations

You are partially covered in large bone plates. (SH +4)
Spells you cast may paralyse adjacent enemies.


Message History

Terence is severely wounded.
You block Terence's attack.
You slash Terence!
You kill Terence!
No target in view!
No target in view!
No target in view!
No target in view!
No target in view!
No target in view!
You start resting.
Natasha, Servant of Life and Death comes into view.
Natasha is nearby!
Natasha is nearby!
Natasha hisses angrily.
Natasha stares at you and mumbles some strange words.
You feel yourself slow down.
Natasha stares at you and mumbles some strange words.
You feel as though you will be slow longer.
Natasha claws you. x2
You barely miss Natasha.
Natasha mumbles some strange words.
Natasha claws you.
You miss Natasha. You closely miss the white imp.
Natasha mumbles some strange words.
You block the white imp's attack. You block Natasha's attack.
The white imp closely misses you.
Your shield prevents you from hitting Natasha.
You closely miss the crimson imp. You hit the white imp. Natasha claws you.
The white imp gestures at you. The puff of frost hits you!
* * * LOW HITPOINT WARNING * * *
The crimson imp closely misses you. You block Natasha's attack.
The white imp barely misses you. The crimson imp barely misses you.
You feel very mighty all of a sudden. Natasha claws you.
* * * LOW HITPOINT WARNING * * *
The white imp gestures at you. The puff of frost hits you!
You die...

.. .. #.# .......
#..# #. ......$#
#... #.< ........
..# #...
.......###h# #.
##.... .......#5@5#
#.# ###......
.......#.### #.#
#...#.... .......#.#
#.# #......# #)..#
#.###...#### #.###
###.##...## ##.#
#.......##
#..#####......##
#.###.........##
#####.....##.#.....#


You could see Natasha, a crimson imp (summoned) and a white imp (summoned).

Vanquished Creatures
  Terence (D:3)
  Natasha (D:3)
  2 adders
  2 oozes (D:1)
  A worm (D:2)
  2 dart slugs
  A removed leopard gecko (D:1)
  A ball python (D:1)
  7 bats
  3 giant cockroaches
  6 goblins
  7 hobgoblins
  4 kobolds
  A quokka (D:1)
  5 frilled lizards
  A giant cockroach zombie (D:3)
  7 rats
52 creatures vanquished.

Notes
Turn   | Place    | Note
-------+----------+-------------------------------------------
     0 | D:1      | Ijustatesigmund the Demonspawn Fighter began the quest for
                  | the Orb.
     0 | D:1      | Reached XP level 1. HP: 18/18 MP: 1/1
   302 | D:1      | Gained mutation: Spells you cast may paralyse adjacent
                  | enemies. [demonic ancestry]
   302 | D:1      | Reached XP level 2. HP: 21/24 MP: 2/2
   396 | D:1      | Learned a level 1 spell: Animate Skeleton
   550 | D:1      | Reached skill level 1 in Dodging
   780 | D:1      | Reached XP level 3. HP: 29/29 MP: 3/3
  2130 | D:2      | Gained mutation: You are partially covered in large bone
                  | plates. (SH +4) [demonic ancestry]
  2130 | D:2      | Reached XP level 4. HP: 30/35 MP: 4/4
  2132 | D:2      | Upgraded the game from 0.27-a0-695-gb4952372f7 to
                  | 0.27-a0-720-g3f424a255b
  2335 | D:3      | Noticed Natasha
  2348 | D:3      | Killed Natasha
  2349 | D:3      | Reached skill level 1 in Necromancy
  2582 | D:3      | Identified a scroll of acquirement
  2582 | D:3      | Acquired 503 gold pieces
  2589 | D:3      | Noticed Terence
  2604 | D:3      | Killed Terence
  2638 | D:3      | Noticed Natasha
  2646 | D:3      | Killed from afar by a white imp

Illustrated notes

Levels and vault maps discovered:
D:1:      minmay_arrival_up_and_down, layout_basic, minmay_cupped
D:2:      lemuel_upstairs_altar, layout_loops_ring
D:3:      layout_rooms, uniq_terence, uniq_natasha

Skill      XL: |  1  2  3  4 |
---------------+-------------+-----
Axes           | 2 3 |  3.3
Dodging        | 1 |  1.7
Necromancy     | 1 |  1.3
Fighting       | |  3.8
Armour         | |  2.6
Shields        | |  2.6

Action                   |  1- 3 |  4- 6 || total
-------------------------+-------+-------++-------
Melee: War axe           |   123 |    32 ||   155
  Use: Scroll            |     3 |     4 ||     7
       Potion            |       |     4 ||     4
Armor: Scale mail        |    73 |    12 ||    85
       Skin              |       |    11 ||    11
Dodge: Dodged            |    43 |    19 ||    62
Block: Kite shield       |    83 |    37 ||   120

Table legend: (Time is in decaauts)
 A = Elapsed time spent in this place.
 B = Non-inter-level travel time spent in this place.
 C = Inter-level travel time spent in this place.
 D = Time resting spent in this place.
 E = Time spent auto-exploring this place.
 F = Levels seen in this place.
 G = Mean time per level.
                   A        B        C        D        E       F      G
               +--------+--------+--------+--------+--------+-----+--------+
         Total |   2744 |   2657 |     87 |    811 |   1435 |   3 |  914.7 |
       Dungeon |   2744 |   2657 |     87 |    811 |   1435 |   3 |  914.7 |
               +--------+--------+--------+--------+--------+-----+--------+

Top non-repeatable levels by time:
     D:1: 1569 daAuts
     D:2: 982 daAuts
     D:3: 192 daAuts
